 Dungeon Crawl Stone Soup version 0.28.0 (webtiles) character file.

Game seed: 14426585587640412785

392 ProzacElf the Sneak (level 6, -2/32 HPs)
             Began as a Spriggan Abyssal Knight on Feb 6, 2022.
             Was a Believer of Lugonu.
             Killed by divine providence
             ... invoked by an orc priest
              (12 damage)
             ... on level 4 of the Dungeon.
             The game lasted 00:08:38 (4388 turns).

ProzacElf the Sneak (Spriggan Abyssal Knight)       Turns: 4388, Time: 00:08:38

Health: -2/32      AC:  3    Str:  9    XL:     6   Next: 50%
Magic:  10/10      EV: 17    Int: 14    God:    Lugonu [**....]
Gold:   178        SH:  0    Dex: 15    Spells: 3/5 levels left

rFire   . . .      SeeInvis +   b - +2 dagger (speed)
rCold   . . .      Faith    .   (no shield)
rNeg    . . .      Spirit   .   f - +0 robe
rPois   .          Reflect  .   (helmet restricted)
rElec   .          Harm     .   v - +0 cloak
rCorr   .          Rampage  .   (gloves unavailable)
Will    +....                   (boots unavailable)
Stlth   +++.......              (no amulet)
HPRegen 0.10/turn               (no ring)
MPRegen 0.12/turn               (no ring)

@: very quick
A: very small, no large weapons, unfitting armour, see invisible, speed 3
a: Renounce Religion, Depart the Abyss, Bend Space


You were on level 4 of the Dungeon.
You worshipped Lugonu.
Lugonu was pleased with you.
You visited 1 branch of the dungeon, and saw 4 of its levels.
You visited the Abyss 1 time.

You collected 178 gold pieces.

Inventory:

Hand Weapons
 a - a +1 short sword
 b - a +2 dagger of speed (weapon)
 l - a +2 hand axe of freezing
 w - a +0 arbalest
Missiles
 d - 86 arrows
 e - 103 stones (quivered)
 k - 25 bolts
 u - 6 atropa-tipped darts
Armour
 f - a +0 robe (worn)
 v - a +0 cloak (worn)
Magical Staves
 m - a staff of poison
Wands
 o - a wand of digging (3)
Scrolls
 c - a scroll of fear {unknown}
 g - 3 scrolls of amnesia {unknown}
 i - a scroll of enchant armour {unknown}
 j - 4 scrolls of teleportation {unknown}
 p - 2 scrolls of magic mapping {unknown}
 r - 2 scrolls of identify {unknown}
 t - a scroll of immolation {unknown}
Potions
 h - 5 potions of curing
 n - a potion of flight {unknown}
 q - a potion of invisibility {unknown}
 s - 2 potions of lignification {unknown}


   Skills:
 - Level 2.4 Fighting
 - Level 5.0 Short Blades
 - Level 3.2 Dodging
 - Level 5.0 Stealth
 + Level 4.4 Invocations


You had 3 spell levels left.
You knew the following spells:

 Your Spells              Type           Power      Damage    Failure   Level
p - Apportation           Tloc           0%         N/A       28%         1
z - Animate Skeleton      Necr           0%         N/A       28%         1

Your spell library contained the following spells:

 Spells                   Type           Power      Damage    Failure   Level
 Summon Small Mammal      Summ           0%         N/A       28%         1


Dungeon Overview and Level Annotations

Branches:
Dungeon (4/15)
 Temple: D:4-7

Altars:
Zin

Annotations:
D:4 3 runed translucent doors


Innate Abilities, Weirdness & Mutations

You are very small and have problems with some larger weapons.
You are too small for most types of armour.
You have supernaturally acute eyesight. (SInv)
You cover ground extremely quickly. (Speed+++)


Message History

Tha iguana be almost dead.
Tha iguana misses ye.
Ye barely miss tha iguana.
Tha iguana be almost dead.
Ye hit tha iguana.
Ye kill tha iguana!
Lugonu accepts yer kill.
Trainin' target 5.0 fer Short Blades reached!
Yer Short Blades skill increases ta level 5!
Nay target in view!
Ye start restin'.
HP restored.
Health restored: 32 Ye see 'ere an iguana corpse.
e - 101 stones (gain'd 1)
e - 103 stones (gain'd 2) Ye now haf 164 gold pieces (gain'd 2).
Ye now haf 178 gold pieces (gain'd 14).
s - 2 murky blue potions (gain'd 1)
An orc comes inta view.
It be wieldin' a +0 short sword.
An orc be nearby!
An orc priest comes inta view.
It be wieldin' a +0 dagger.
Tha orc priest shouts!
An orc priest comes inta view.
It be wieldin' a +0 hand axe.
An orc priest comes inta view.
It be wieldin' a +0 whip.
Tha orc priest mumbles some strange prayers ta Beogh against ye.
Beogh smites ye!
Tha orc completely misses ye.
Tha orc priest shouts!
Ye take 11 damage, an' haf 21/32 hp.
MASSIVE DAMAGE!!
Ye hit tha orc.
Tha orc be heavily wounded.
Tha orc priest calls upon Beogh ta heal tha orc.
Tha orc's wounds heal 'emselves!
Tha orc priest invokes tha aid o' Beogh against ye.
Beogh smites ye!
* * * LOW HITPOINT WARNIN'
* * * Ye take 12 damage, an' haf 9/32 hp.
MASSIVE DAMAGE!!
Tha orc priest calls down tha wrath o' Beogh upon ye.
Beogh smites ye!
Ye die...

..##.........# #..##
##..........
.####.......##
#..###.########## .#
#.......# #.....# #. #
.## #.......# ##.....#
.#.. ..###.......##
#..##..# .+..#
..#..........####.####.#
..+...
#..........##..#..# #.#
..+...
.........#####...#####.#
♣#... ........##
##.@##....# #...
........# ##.........###
#.. .......##
#......####..# #..
.......# #..##.)## ##.##
#.. .......# #..# #..###
##..#####.. ........##...
##....###..........
......#.....
##.................#
....###
....##...##o.o..........#
... ....##...##.........#


You could see an orc priest.

Vanquished Creatures
  Sigmund (D:2)
  A howler monkey (D:4)
  A bullfrog skeleton (D:4)
  A hound (D:4)
  An iguana (D:4)
  2 adders
  2 worms (D:2)
  5 orcs (D:3)
  6 endoplasms
  6 giant cockroaches
  8 goblins
  3 hobgoblins
  10 jackals
  8 kobolds
  3 quokkas
  8 ball pythons
  5 bats
  3 frilled lizards
  A quokka skeleton (D:4)
  6 rats
81 creatures vanquished.

Vanquished Creatures (others)
  3 plants (D:1)
3 creatures vanquished.

Grand Total: 84 creatures vanquished

Notes
Turn   | Place    | Note
-------+----------+-------------------------------------------
     0 | Abyss:1  | ProzacElf the Spriggan Abyssal Knight began the quest for
                  | the Orb.
     0 | Abyss:1  | Reached XP level 1. HP: 11/11 MP: 3/3
    33 | D:1      | Escaped the Abyss
   166 | D:1      | Reached skill level 1 in Stealth
   442 | D:1      | Reached XP level 2. HP: 16/16 MP: 4/4
  1163 | D:1      | Found a faded altar of an unknown god.
  1589 | D:2      | Noticed Sigmund
  1598 | D:2      | Reached XP level 3. HP: 14/19 MP: 5/5
  1886 | D:2      | Killed Sigmund
  1886 | D:2      | Reached ** piety under Lugonu
  1887 | D:2      | Reached XP level 4. HP: 23/23 MP: 5/7
  1887 | D:2      | Reached XP level 5. HP: 27/27 MP: 5/8
  2413 | D:2      | Learned a level 1 spell: Animate Skeleton
  2415 | D:2      | Learned a level 1 spell: Apportation
  2799 | D:3      | Reached skill level 5 in Stealth
  3259 | D:3      | Found a glowing silver altar of Zin.
  3364 | D:4      | Reached XP level 6. HP: 18/32 MP: 9/9
  3598 | D:4      | Reached *** piety under Lugonu
  4182 | D:4      | Reached skill level 5 in Short Blades
  4322 | D:4      | Found a runed translucent gate.
  4322 | D:4      | Found a runed translucent gate.
  4322 | D:4      | Found a runed translucent gate.
  4388 | D:4      | Killed from afar by an orc priest

Illustrated notes

Levels and vault maps discovered:
D:1:      dpeg_arrival_concentric_ovals, layout_basic,
          chequers_ecumenical_altar_lobes
D:2:      layout_rooms, uniq_sigmund
D:3:      layout_rooms, mainiacjoe_overflow_alcove_2, st_stairs_11,
          corexii_hall_statues_t
D:4:      layout_layer_cave, ebering_ghost_rock_garden,
          chequers_serial_rivers_small_3

Skill      XL: |  1  2  3  4  5  6 |
---------------+-------------------+-----
Stealth        | 1 2 4 5 |  5.0
Invocations    | 2 3 4 |  4.4
Short Blades   | 4 5 |  5.0
Fighting       | |  2.4
Dodging        | |  3.2

Action                   |  1- 3 |  4- 6 || total
-------------------------+-------+-------++-------
Melee: Short sword       |    39 |       ||    39
       Dagger            |    93 |   238 ||   331
       Punch             |     2 |     3 ||     5
Throw: Stone             |       |     3 ||     3
  Use: Potion            |     2 |       ||     2
 Stab: Sleeping          |     3 |     9 ||    12
Armor: Robe              |     9 |    14 ||    23
Dodge: Dodged            |    73 |   107 ||   180
